 Dungeon Crawl Stone Soup version 0.30-a0-883-g5ad918d77d (webtiles) character file.

Game seed: 11785167698047193709

241402 112233 the Scorcher (level 20, -6/150 HPs)
             Began as an Octopode Reaver on Mar 15, 2023.
             Was an Initiate of Gozag.
             Succumbed to a swamp dragon's poison gas
             ... on level 3 of the Swamp.
             The game lasted 01:22:21 (54598 turns).

112233 the Scorcher (Octopode Reaver)              Turns: 54598, Time: 01:22:22

Health: -6/150     AC: 10    Str: 23    XL:     20   Next: 18%
Magic:  39/39      EV: 32    Int: 19    God:    Gozag
Gold:   1403       SH: 21    Dex: 25    Spells: 13/50 levels left

rFire   + . .      SeeInvis .    k - +9 scimitar "Ysyhyeph" {flame, Dex+3}
rCold   + + .      Faith    .    L - +5 kite shield {AC+3}
rNeg    + . .      Spirit   .    (helmet restricted)
rPois   .          Reflect  .    F - necklace of Bloodlust {Fury *Rage Will++ Int-3 Slay+6}
rElec   .          Rampage  .    y - ring of Cynicism {rC+ Str+3 Dex+6}
rCorr   .          Rage     50%  q - +5 ring of evasion
Will    +++..                    P - +4 ring of protection
Stlth   +++                      G - +4 ring of protection
HPRegen 0.45/turn                b - +4 ring of protection
MPRegen 0.26/turn                m - ring of the Octopus King {rN+ HP+2 AC+2 EV+2 SH+2}
                                 g - ring "Tubeek Boab" {*Corrode rF+ rC+ Str+9 Dex-3}
                                 K - +6 ring of dexterity

@: lethally poisoned (-6 -> -31), corroded, on berserk cooldown
A: almost no armour, amphibious, 8 rings, camouflage 1, gelatinous body 1,
(nimble swimmer 1), tentacles
a: Renounce Religion, Potion Petition, Call Merchant, Bribe Branch


You were on level 3 of the Swamp.
You worshipped Gozag.
Gozag was most pleased with you.
You visited 8 branches of the dungeon, and saw 34 of its levels.
You also visited: Gauntlet and Wizlab.

You collected 13268 gold pieces.
You spent 4774 gold pieces at shops.
You paid 7091 gold pieces to Gozag.

Inventory:

Hand Weapons
 k - the +9 scimitar "Ysyhyeph" (weapon) {flame, Dex+3}
   (You bought it in a shop on level 2 of the Orcish Mines)

   Dex:       It affects your dexterity (+3).
Armour
 L - a +5 kite shield of protection (worn)
Magical Staves
 J - a staff of conjuration
Jewellery
 a - a +6 ring of intelligence
 b - a +4 ring of protection (on tentacle)
 d - a ring of magical power
 g - the ring "Tubeek Boab" (on tentacle) {*Corrode rF+ rC+ Str+9 Dex-3}
   (You took it off a deep elf pyromancer on level 3 of the Elven Halls)

   [ring of protection from fire]

   Str:       It affects your strength (+9).
   Dex:       It affects your dexterity (-3).
   rF:        It protects you from fire.
   rC:        It protects you from cold.
   *Corrode:  It may corrode you when you take damage.
 m - a ring of the Octopus King (on tentacle) {rN+ HP+2 AC+2 EV+2 SH+2}
   (You took it off a deep elf zephyrmancer on level 3 of the Elven Halls)

   [ring of positive energy]

   AC:        It affects your AC (+2).
   EV:        It affects your evasion (+2).
   rN:        It protects you from negative energy.
   HP:        It affects your health (+2).
   SH:        It affects your SH (+2).
 n - the ring "Ximorr" {rElec rC+ Int+5}
   (You bought it in a shop on level 4 of the Lair of Beasts)

   [ring of protection from cold]

   Int:       It affects your intelligence (+5).
   rC:        It protects you from cold.
   rElec:     It insulates you from electricity.
 p - an amulet of magic regeneration
 q - a +5 ring of evasion (right tentacle)
 t - a +6 ring of intelligence
 y - the ring of Cynicism (left tentacle) {rC+ Str+3 Dex+6}
   (You took it off a deep elf knight on level 3 of the Elven Halls)

   [ring of dexterity]

   Str:       It affects your strength (+3).
   Dex:       It affects your dexterity (+6).
   rC:        It protects you from cold.
 F - the necklace of Bloodlust (around mantle) {Fury *Rage Will++ Int-3 Slay+6}
   (You found it on level 7 of the Dungeon)

   [amulet of nothing]

   Fury:      It extends the wearer's berserk rage when killing foes.
   Int:       It affects your intelligence (-3).
   Slay:      It affects your accuracy & damage with ranged weapons and melee
   (+6).
   *Rage:     It berserks you when you make melee attacks (+50% chance).
   Will:      It greatly increases your willpower.
 G - a +4 ring of protection (on tentacle)
 K - a +6 ring of dexterity (on tentacle)
 M - a ring of flight
 P - a +4 ring of protection (on tentacle)
 V - a ring of wizardry
Wands
 E - a wand of light (1)
 H - a wand of digging (2)
 Q - a wand of roots (19)
 Y - a wand of charming (11)
Scrolls
 e - a scroll of fear
 f - 2 scrolls of silence
 h - 3 scrolls of enchant weapon
 i - 5 scrolls of magic mapping
 j - 5 scrolls of amnesia
 l - 12 scrolls of blinking
 o - 2 scrolls of enchant armour
 r - 7 scrolls of immolation
 w - 2 scrolls of fog
 A - 7 scrolls of vulnerability
 I - 8 scrolls of identify
 N - 4 scrolls of brand weapon
 R - 8 scrolls of teleportation
 U - 3 scrolls of torment
 Z - 5 scrolls of poison
Potions
 c - 4 potions of resistance
 s - 5 potions of mutation
 v - 2 potions of invisibility
 x - 3 potions of cancellation
 z - 4 potions of might
 B - 4 potions of berserk rage
 C - 5 potions of haste
 D - 4 potions of brilliance
 O - 7 potions of curing
 T - 2 potions of magic
 X - a potion of heal wounds
Miscellaneous
 u - a phantom mirror
 S - a box of beasts
 W - a condenser vane


   Skills:
 + Level 16.3 Fighting
 - Level 13.2 Long Blades
 + Level 14.8 Dodging
 + Level 10.6 Shields
 - Level 3.0 Unarmed Combat
 + Level 15.8 Spellcasting
 + Level 12.5 Conjurations
 - Level 3.2 Summonings
 + Level 1.6 Transmutations
 + Level 18.7 Fire Magic
 + Level 1.8 Earth Magic
 - Level 6.3 Evocations


You had 13 spell levels left.
You knew the following spells:

 Your Spells              Type           Power      Damage    Failure   Level
a - Statue Form           Tmut/Erth      14%        N/A       100%        6
c - Passwall              Tmut/Erth      17%        N/A       6%          2
f - Flame Wave            Conj/Fire      65%        2d15      1%          4
g - Starburst             Conj/Fire      32%        6d10      2%          6
h - Ignition              Fire           36%        3d11      26%         8
i - Fire Storm            Conj/Fire      32%        8d8       100%        9
j - Blink                 Tloc           30%        N/A       13%         2

Your spell library contained the following spells:

 Spells                   Type           Power      Damage    Failure   Level
 Foxfire                  Conj/Fire      100%       2x1d9     0%          1
 Scorch                   Fire           100%       2d10      0%          2
 Kiss of Death            Conj/Necr      100%       2d13      1%          1
 Momentum Strike          Conj/Tloc      76%        3d10      1%          2
 Static Discharge         Conj/Air       76%        2-6/arc   1%          2
 Hailstorm                Conj/Ice       38%        3d9       1%          3
 Ignite Poison            Fire/Tmut/Pois 40%        N/A       1%          3
 Inner Flame              Hex/Fire       50%        N/A       1%          3
 Stone Arrow              Conj/Erth      84%        3d12      1%          3
 Fireball                 Conj/Fire      32%        3d14      1%          5
 Iskenderun's Battlesphe  Conj           58%        2d11      1%          5
 Sting                    Tmut/Pois      72%        1d6       6%          1
 Fulminant Prism          Conj/Hex       19%        3d11      6%          4
 Freeze                   Ice            60%        1d7       9%          1
 Ensorcelled Hibernation  Hex/Ice        30%        N/A       13%         2
 Poisonous Vapours        Pois/Air       30%        N/A       13%         2
 Confusing Touch          Hex            15%        N/A       26%         3
 Frozen Ramparts          Ice            30%        1d5       26%         3
 Portal Projectile        Hex/Tloc       30%        N/A       26%         3
 Swiftness                Air            15%        N/A       26%         3
 Tukima's Dance           Hex            15%        N/A       26%         3
 Vhi's Electric Charge    Tloc/Air       30%        N/A       26%         3
 Petrify                  Tmut/Erth      21%        N/A       38%         4
 Freezing Cloud           Conj/Ice/Air   15%        6-21      41%         5
 Iron Shot                Conj/Erth      21%        9d5       56%         6
 Dispel Undead            Necr           15%        3d10      65%         4
 Manifold Assault         Tloc           15%        N/A       65%         4
 Olgreb's Toxic Radiance  Pois           15%        N/A       65%         4
 Conjure Ball Lightning   Conj/Air       19%        3x3d6     69%         6
 Blade Hands              Tmut           10%        N/A       77%         5
 Summon Forest            Summ/Tloc      10%        N/A       77%         5
 Summon Mana Viper        Hex/Summ       21%        N/A       77%         5
 Alistair's Intoxication  Tmut/Pois      12%        N/A       86%         5
 Borgnjor's Vile Clutch   Necr/Erth      9%         N/A       86%         5
 Metabolic Englaciation   Hex/Ice        7%         N/A       94%         5
 Spellforged Servitor     Conj/Summ      22%        N/A       96%         7
 Summon Cactus Giant      Summ           13%        N/A       98%         6
 Eringya's Noxious Bog    Tmut/Pois      9%         N/A       100%        6
 Enfeeble                 Hex            7%         N/A       100%        7
 Malign Gateway           Summ/Tloc      10%        N/A       100%        7
 Storm Form               Tmut/Air       9%         N/A       100%        7
 Lehudib's Crystal Spear  Conj/Erth      21%        10d6      100%        8
 Summon Horrible Things   Summ           13%        N/A       100%        8
 Chain Lightning          Conj/Air       19%        3d25      100%        9
 Polar Vortex             Ice            7%         N/A       100%        9
 Animate Armour           Summ/Erth      Unusable   N/A       N/A         4
 Simulacrum               Ice/Necr       Unusable   N/A       N/A         6

Dungeon Overview and Level Annotations

Branches:
Dungeon (15/15)            Temple (1/1) D:4            Lair (5/5) D:8
  Swamp (4/4) Lair:3       Spider (2/4) Lair:2          Orc (2/2) D:11
    Elf (3/3) Orc:2        Vaults (0/5) D:14         Depths (2/4) D:15
 WizLab (visited)         Gauntlet (visited)
  Slime: Lair:4-5

Altars:
Ashenzari
Cheibriados
Elyvilon
Fedhas
Gozag
Hepliaklqana
Kikubaaqudgha
Makhleb
Nemelex Xobeh
Okawaru
Qazlal
Ru
Trog
Uskayaw
Vehumet
Wu Jian
Xom
Zin
The Shining One
Jiyva

Shops:
D:15 *:   Orc:1 *   Orc:2 [(:**   Elf:1 (   Elf:2 [   Lair:4 :*   Lair:5 :
Depths:1 [   Depths:2 !

Portals:
Hell: Depths:1 Depths:2
Pandemonium: Depths:2

Annotations:
D:7 exclusions: downstairs and 1 more exclusion
Lair:4 exclusion: 2 downstairs
Lair:5 exclusion: oklob plant
Spider:1 Roxanne
Elf:2 3 runed translucent doors


Innate Abilities, Weirdness & Mutations

You cannot wear most types of armour.
You are amphibious.
You can wear up to eight rings at the same time.
Your skin changes colour to match your surroundings (Stealth+).
Your rubbery body absorbs attacks. (AC +1, EV +1)
((You are camouflaged when in or above water. (Stealth+)))
You have tentacles for arms and can constrict up to eight enemies at once.


Message History

You feel yourself speed up.
* * * LOW HITPOINT WARNING * * *
You feel extremely sick.
An eight-headed hydra comes into view.
You feel better.
Unknown command.
Unknown command.
You enter the shallow water.
You see here 24 gold pieces.
A swamp dragon comes into view.
You enter the shallow water.
The swamp dragon roars deafeningly!
The swamp dragon breathes poison at you.
The blast of poison misses you.
You are engulfed in poison gas.
You are poisoned.
* * * LOW HITPOINT WARNING * * *
You feel very sick.
The swamp dragon breathes poison at you.
The blast of poison misses you.
You are engulfed in poison gas.
You are more poisoned.
* * * LOW HITPOINT WARNING * * *
Your corrosive artefact corrodes you!
* * * LOW HITPOINT WARNING * * *
You feel very sick.
There is an escape hatch in the ceiling here.
You are engulfed in poison gas.
You are more poisoned.
* * * LOW HITPOINT WARNING * * *
x2 You feel extremely sick.
The eight-headed hydra completely misses you.
You block the eight-headed hydra's attack. x2
The eight-headed hydra misses you.
You block the eight-headed hydra's attack.
The eight-headed hydra misses you. x2
The eight-headed hydra completely misses you.
A mysterious force pulls you upwards. The hatch slams shut behind you.
You die...
Your body crumbles into a pile of gold.

♣ ♣♣ ♣♣♣ .♣ ♣♣♣ ♣♣♣~♣
♣♣ ♣♣~♣♣♣♣.♣~♣ ♣
♣♣♣♣♣.~..♣...♣♣ ♣♣♣♣
♣♣
♣.~~..~~...♣@♣♣♣♣♣~=♣
~♣
♣.♣~§~.~..♣♣...♣♣~~~♣
♣♣
♣♣.§~~§..>♣♣♣.~...~.♣♣
♣
♣~~..~~~~.♣♣~~~~~.♣♣♣
♣ ♣~♣♣~.~~~.~.~~~~..♣
♣ ♣~♣.~~~~.~§~.~~..♣♣
♣ ♣.♣♣.§~~~~~~.~~.♣♣ ♣
♣♣..♣~~~~.~~~.~.♣♣ ♣
♣~~.♣.......~~~.♣


There were no monsters in sight!

Vanquished Creatures
  A juggernaut (Depths:2)
  A lich (Depths:2)
  A tentacled monstrosity (Swamp:2)
  2 deep elf blademasters (Elf:3)
  2 deep elf master archers
  Frances (Spider:1)
  A thorn hunter (Swamp:1)
  2 fenstrider witches
  An iron dragon (Depths:2)
  2 frost giants (Depths:2)
  An emperor scorpion (Spider:1)
  4 deep elf sorcerers (Elf:3)
  A balrug (Depths:1)
  An orc warlord (Orc:2)
  4 deep elf elementalists (Elf:3)
  A spriggan defender (Depths:1)
  A vampire knight (Depths:2)
  9 very ugly things
  5 stone giants
  4 deep elf demonologists (Elf:3)
  8 deep elf annihilators
  An eleionoma (Swamp:4)
  6 bunyips
  A minotaur (Gauntlet)
  6 deep elf death magi
  Josephine (D:15)
  A merfolk javelineer (Depths:1)
  3 fire dragons
  A shambling mangrove (Swamp:4)
  4 ettins
  An entropy weaver (Spider:1)
  A deep elf high priest (Elf:3)
  A vault guard (D:14)
  A salamander tyrant (D:14)
  3 ogre magi
  A jorogumo (Spider:1)
  2 spriggan air magi (Depths:2)
  A ghost crab (Swamp:3)
  A hell beast (Depths:2)
  20 hydras
  6 catoblepae
  3 ice dragons (Depths:2)
  5 centaur warriors
  15 two-headed ogres
  4 boulder beetles
  22 dancing weapons
  10 death yaks
  A deep troll shaman (Depths:1)
  A vampire mage (Depths:2)
  8 alligators
  A hell hog (Depths:2)
  4 tengu warriors
  3 deep troll earth magi
  2 orc high priests
  A spriggan berserker (Depths:2)
  A shock serpent (shapeshifter) (Elf:3)
  3 sun demons
  A skyshark (Lair:4)
  8 soul eaters
  10 deep elf knights
  A pharaoh ant (Spider:1)
  3 iron trolls
  A storm dragon skeleton (Depths:2)
  A golden dragon zombie (Depths:2)
  A large abomination (Gauntlet)
  6 goliath frogs
  9 swamp dragons
  13 deep trolls
  An orb spider (Spider:1)
  A spriggan druid (Swamp:2)
  A glowing orange brain (Depths:2)
  6 bog bodies
  6 orc knights
  11 slime creatures (D:13)
  4 wizards
  4 deep elf archers
  2 steelbarb worms
  A lindwurm (Lair:4)
  23 deep elf pyromancers
  27 deep elf zephyrmancers
  2 necromancers
  A frost giant zombie (Depths:2)
  A tengu skeleton (Depths:2)
  5 will-o-the-wisps
  3 wolf spiders (Spider:1)
  A manticore (shapeshifter) (D:14)
  26 ugly things
  2 cyclopes (D:12)
  4 manticores
  5 orc sorcerers
  A salamander (Depths:1)
  16 elephants
  2 demonic crawlers
  7 black mambas
  3 smoke demons
  A gargoyle (D:14)
  10 cane toads
  3 torpor snails
  2 unseen horrors
  5 rime drakes
  5 kobold demonologists
  3 efreet (D:14)
  14 komodo dragons
  A freezing wraith (D:14)
  A spriggan skeleton (Depths:2)
  2 tengu conjurers
  12 meliai (Lair:4)
  8 trolls
  A bloated husk (Swamp:2)
  6 polar bears
  A queen bee (Lair:4)
  A troll (shapeshifter) (Elf:2)
  9 tyrant leeches
  5 tarantellas (Spider:1)
  11 hornets
  17 blink frogs
  A dream sheep (shapeshifter) (Depths:1)
  Prince Ribbit (Lair:3)
  A snapping turtle (shapeshifter) (Depths:2)
  10 dream sheep
  4 culicivoras (Spider:1)
  A jumping spider (Spider:2)
  5 shadows
  7 wraiths
  6 spriggans
  3 air elementals
  2 fire elementals (D:14)
  10 humans (D:14)
  14 water elementals
  47 yaks
  A wyvern (Lair:3)
  A fire bat (shapeshifter) (D:14)
  14 redbacks
  3 chaos spawn (Gauntlet)
  10 basilisks
  A neqoxec (Gauntlet)
  A steam dragon (D:7)
  11 vampire mosquitoes
  19 swamp worms
  A glowing shapeshifter zombie (WizLab)
  An acid dragon (D:13)
  3 wargs
  11 water moccasins
  A floating eye (Depths:2)
  5 hell hounds (D:12)
  A swamp drake (Swamp:4)
  10 ice beasts
  4 black bears
  A sky beast (D:6)
  31 orc warriors
  15 ogres
  10 centaurs
  13 wolves
  3 small abominations (Gauntlet)
  5 phantoms
  3 kobold brigands
  Blork the orc (D:5)
  21 bullfrogs
  An earth elemental (Elf:3)
  A scorpion (D:4)
  4 wights (D:8)
  6 troll zombies (D:11)
  26 killer bees
  5 electric eels
  7 howler monkeys
  4 hounds
  2 gnoll boudas (D:6)
  2 jellies
  16 orc priests
  5 sleepcaps
  13 iguanas
  13 orc wizards
  2 ogre zombies (D:11)
  10 adders
  A gnoll (D:6)
  A river rat (Lair:4)
  3 shadow imps (D:6)
  4 white imps
  An ufetubus (D:4)
  A worm (D:3)
  2 dart slugs
  55 orcs
  9 endoplasms
  4 goblins
  6 hobgoblins
  8 jackals
  8 quokkas
  3 ball pythons
  3 bats
  2 frilled lizards (D:1)
  2 goblin skeletons (D:11)
  3 goblin zombies (D:11)
  2 hobgoblin skeletons (D:11)
  6 hobgoblin zombies (D:11)
  11 kobolds
  An orc skeleton (D:11)
  11 orc zombies (D:11)
  6 rats
1120 creatures vanquished.

Vanquished Creatures (collateral kills)
  A killer bee (Lair:4)
1 creature vanquished.

Vanquished Creatures (others)
  A deep elf sorcerer (Elf:3)
  A bloated husk (Swamp:2)
  A human (D:14)
  2 bushes (Lair:5)
  14 demonic plants (Gauntlet)
  8 foxfires (Swamp:2)
  51 fungi
  42 plants
120 creatures vanquished.

Grand Total: 1241 creatures vanquished

Notes
Turn   | Place    | Note
-------+----------+-------------------------------------------
     0 | D:1      | 112233 the Octopode Reaver began the quest for the Orb.
     0 | D:1      | Reached XP level 1. HP: 14/14 MP: 3/3
   252 | D:1      | Reached XP level 2. HP: 19/19 MP: 5/5
   300 | D:1      | Learned a level 2 spell: Momentum Strike
   719 | D:2      | Reached XP level 3. HP: 19/24 MP: 6/6
   722 | D:2      | Learned a level 2 spell: Passwall
  1371 | D:3      | Reached XP level 4. HP: 26/26 MP: 8/8
  1594 | D:3      | Identified the +3 scale mail "Jonimi" {rPois rF+ Str-5}
  1643 | D:3      | Reached XP level 5. HP: 19/29 MP: 10/10
  2203 | D:4      | Found an ornate altar of the Wu Jian Council.
  2203 | D:4      | Found an iron altar of Okawaru.
  2211 | D:4      | Found a glowing silver altar of Zin.
  2213 | D:4      | Found a stormy altar of Qazlal.
  2215 | D:4      | Found an opulent altar of Gozag.
  2293 | D:4      | Became a worshipper of Gozag Ym Sagoz the Greedy
  2342 | D:4      | Found a staircase to the Ecumenical Temple.
  2395 | D:4      | Noticed an ice beast
  2464 | D:4      | Noticed a phantom
  2482 | D:4      | Killed an ice beast
  2483 | D:4      | Reached XP level 6. HP: 18/38 MP: 11/11
  2487 | Temple   | Entered the Ecumenical Temple
  2858 | D:4      | Reached XP level 7. HP: 21/33 MP: 13/13
  3221 | D:5      | Entered Level 5 of the Dungeon
  3388 | D:5      | Reached skill level 5 in Spellcasting
  3541 | D:5      | Found a hazy altar of Hepliaklqana.
  3821 | D:5      | Noticed Blork the orc
  3830 | D:5      | Killed Blork the orc
  3831 | D:5      | Reached XP level 8. HP: 20/38 MP: 16/16
  3982 | D:5      | Reached skill level 5 in Conjurations
  3989 | D:5      | Learned a level 3 spell: Hailstorm
  4605 | D:6      | Reached skill level 5 in Fighting
  4605 | D:6      | Reached skill level 5 in Dodging
  5113 | D:6      | Reached XP level 9. HP: 32/60 MP: 19/19
  5583 | D:6      | Reached skill level 1 in Shields
  6113 | D:7      | Noticed a deep troll
  6119 | D:7      | Noticed a deep troll
  6122 | D:7      | Killed a deep troll
  6446 | D:7      | Killed a deep troll
  6447 | D:7      | Reached XP level 10. HP: 47/68 MP: 22/22
  6542 | D:7      | You fall into a shaft and drop 2 floors!
  6806 | D:7      | Found the necklace of Bloodlust {Fury *Rage Will++ Int-3
                  | Slay+6}
  8421 | D:9      | Reached skill level 5 in Shields
  8769 | D:9      | Noticed a two-headed ogre
  8778 | D:9      | Killed a two-headed ogre
  8806 | D:9      | Reached XP level 11. HP: 56/67 MP: 24/24
  9283 | D:10     | Entered Level 10 of the Dungeon
 10181 | D:10     | Identified the +6 war axe "Aquib" {spect, Will+ Str+2
                  | Dex-2}
 10791 | D:10     | Paralysed by a hornet for 2 turns
 11355 | D:11     | HP: 3/75 [yak (11)]
 11544 | D:11     | Noticed a two-headed ogre
 11559 | D:11     | Killed a two-headed ogre
 11632 | D:11     | Reached skill level 10 in Spellcasting
 12048 | D:11     | Found a staircase to the Orcish Mines.
 12880 | D:12     | Noticed a cyclops
 12896 | D:12     | Killed a cyclops
 12956 | D:12     | Noticed a cyclops
 12965 | D:12     | Killed a cyclops
 13088 | D:12     | Reached XP level 12. HP: 84/84 MP: 26/26
 13378 | Orc:1    | Entered Level 1 of the Orcish Mines
 13524 | Orc:1    | HP: 5/127 [troll (2)]
 14106 | Orc:1    | Found Loedivew's Luxury Loot.
 14328 | Orc:2    | Entered Level 2 of the Orcish Mines
 14328 | Orc:2    | Found Hyfuvi Sovo's Antique Armour Shop.
 15027 | Orc:2    | Noticed an orc warlord
 15104 | Orc:2    | Killed an orc warlord
 15105 | Orc:2    | Reached skill level 10 in Fighting
 15339 | Orc:2    | Noticed an orc high priest
 15496 | Orc:2    | Noticed a soul eater
 15499 | Orc:1    | Killed an orc high priest
 15805 | Orc:2    | Found Metem's Antique Weapon Emporium.
 15840 | Orc:2    | Noticed an orc high priest
 15845 | Orc:2    | Killed an orc high priest
 16044 | Orc:2    | Bought a shimmering scimitar for 252 gold pieces
 16044 | Orc:2    | Identified the +9 scimitar "Ysyhyeph" {flame, Dex+3} (You
                  | bought it in a shop on level 2 of the Orcish Mines)
 16104 | Orc:2    | Noticed a two-headed ogre
 16122 | Orc:2    | Reached XP level 13. HP: 94/94 MP: 28/28
 16155 | Orc:1    | Bought a manual of Long Blades for 960 gold pieces
 16446 | D:8      | Found a staircase to the Lair.
 16486 | D:8      | Got Sif Muna's Almanac of the Tundra and Ensorcelling
 16531 | D:8      | Reached skill level 1 in Long Blades
 16880 | Lair:1   | Entered Level 1 of the Lair of Beasts
 17230 | Orc:2    | Found a staircase to the Elven Halls.
 17242 | Orc:2    | Found Cyckoclo's General Store.
 17359 | Orc:2    | Found Foottuj's Gadget Gallery.
 17384 | Orc:2    | Bought a condenser vane for 600 gold pieces
 17648 | Orc:2    | Found Cyaheux's Book Shop.
 17656 | Orc:2    | Bought a book of the Wilderness for 418 gold pieces
 17777 | Orc:2    | Learned a level 5 spell: Summon Forest
 18386 | D:13     | Reached skill level 5 in Long Blades
 18433 | D:13     | Reached skill level 1 in Summonings
 18535 | D:13     | Reached skill level 10 in Dodging
 19667 | D:14     | Reached XP level 14. HP: 85/103 MP: 30/30
 19936 | D:14     | Found the +7 great mace "Firestarter" {flame, inner flame,
                  | rFlCloud rF++}
 20022 | D:14     | Learned a level 4 spell: Flame Wave
 20312 | D:14     | Reached skill level 1 in Fire Magic
 20695 | D:14     | Reached skill level 2 in Fire Magic
 21165 | D:14     | Reached skill level 3 in Fire Magic
 21372 | D:14     | Found a gate to the Vaults.
 21724 | D:15     | Entered Level 15 of the Dungeon
 21737 | D:15     | Noticed Josephine
 21742 | D:15     | Killed Josephine
 22049 | Orc:2    | Bought a book of Fire for 330 gold pieces
 22056 | Orc:2    | Learned a level 6 spell: Starburst
 22794 | Lair:1   | Reached skill level 4 in Fire Magic
 24111 | Lair:2   | Reached skill level 5 in Fire Magic
 24688 | Lair:2   | Found a hole to the Spider Nest.
 24701 | Lair:2   | Reached XP level 15. HP: 111/111 MP: 32/32
 24896 | Lair:2   | Reached skill level 10 in Conjurations
 25141 | Lair:2   | Reached skill level 6 in Fire Magic
 25695 | Lair:3   | Found a gate leading to a gauntlet.
 25708 | Gauntlet | Entered a Gauntlet
 25708 | Gauntlet | Found a transporter.
 25708 | Gauntlet | Found a transporter.
 25709 | Gauntlet | Found a transporter.
 25711 | Gauntlet | Found a transporter.
 25724 | Gauntlet | Found a transporter.
 25730 | Gauntlet | Found a transporter.
 25731 | Gauntlet | Found a transporter.
 25745 | Gauntlet | Found a transporter.
 25768 | Gauntlet | Found a transporter.
 25795 | Gauntlet | Found a transporter.
 25855 | Gauntlet | Found a transporter.
 25865 | Gauntlet | Found a transporter.
 26301 | Gauntlet | Reached skill level 10 in Long Blades
 26437 | Gauntlet | Identified the +10 mace "Earthworm" {holy, rC+ Will+}
 26695 | Gauntlet | Got the Anthology of Heated Putrescence
 26926 | Lair:3   | Learned a level 8 spell: Ignition
 26994 | Lair:3   | Found a staircase to the Swamp.
 27091 | Lair:3   | Noticed Prince Ribbit
 27094 | Lair:3   | Killed Prince Ribbit
 27887 | Lair:4   | Reached skill level 7 in Fire Magic
 28611 | Lair:4   | Reached skill level 8 in Fire Magic
 28646 | Lair:4   | Reached skill level 1 in Evocations
 29758 | Lair:4   | Reached skill level 9 in Fire Magic
 30473 | Lair:5   | Entered Level 5 of the Lair of Beasts
 30491 | Lair:4   | HP: 4/112 [death yak (24)]
 30835 | Lair:4   | Bought a fine brass ring for 115 gold pieces
 30835 | Lair:4   | Identified the ring "Ximorr" {rElec rC+ Int+5} (You bought
                  | it in a shop on level 4 of the Lair of Beasts)
 30835 | Lair:4   | Bought a scroll of blinking for 172 gold pieces
 30835 | Lair:4   | Bought a potion of heal wounds for 115 gold pieces
 31108 | Lair:5   | Reached XP level 16. HP: 118/118 MP: 33/33
 31346 | Elf:1    | Entered Level 1 of the Elven Halls
 31372 | Elf:1    | Reached skill level 10 in Fire Magic
 31411 | Elf:1    | Found Xaism's Weapon Emporium.
 31483 | Elf:1    | Found a magical portal.
 31488 | WizLab   | Entered Doroklohe's Tomb
 31638 | WizLab   | Identified the +1 leather armour "Gaostrem" {rElec Str-3
                  | Stlth+}
 32067 | Elf:1    | Paralysed by an air elemental for 1 turns
 32549 | Elf:1    | Got Asmodeus's Lectures on Arcane Combat
 32590 | Elf:1    | Reached skill level 11 in Fire Magic
 33586 | Elf:2    | Found Fosomnargh's Antique Armour Boutique.
 33591 | Elf:2    | Bought a shiny kite shield for 240 gold pieces
 33668 | Elf:2    | Paralysed by an air elemental for 1 turns
 33782 | Elf:2    | Reached skill level 12 in Fire Magic
 34256 | Elf:2    | Found a runed translucent gate.
 34257 | Elf:2    | Found a runed translucent gate.
 34257 | Elf:2    | Found a runed translucent gate.
 34464 | Elf:3    | Entered Level 3 of the Elven Halls
 34472 | Elf:3    | Reached skill level 5 in Evocations
 35278 | Elf:3    | Reached XP level 17. HP: 67/126 MP: 35/35
 35647 | Elf:3    | Reached skill level 13 in Fire Magic
 36886 | Lair:5   | Found a viscous altar of Jiyva.
 37604 | Lair:5   | Reached skill level 14 in Fire Magic
 38199 | D:15     | Found Hume's Assorted Antiques.
 38244 | D:15     | Bought a scroll of teleportation for 108 gold pieces
 38244 | D:15     | Bought an inky potion for 32 gold pieces
 38244 | D:15     | Bought an inky potion for 32 gold pieces
 38741 | D:15     | Found a broken altar of Ashenzari.
 39639 | D:15     | Found a staircase to the Depths.
 39761 | Depths:1 | Entered Level 1 of the Depths
 39789 | Depths:1 | Found Loverups's Antique Armour Emporium.
 39890 | Depths:1 | Reached skill level 15 in Fire Magic
 39900 | Depths:1 | Reached skill level 15 in Fighting
 40115 | Depths:1 | Found a sparkling altar of Nemelex Xobeh.
 40527 | Depths:1 | Reached XP level 18. HP: 134/134 MP: 36/36
 41075 | Depths:1 | Found a gateway to Hell.
 41697 | Spider:1 | Entered Level 1 of the Spider Nest
 41983 | Spider:1 | Reached skill level 16 in Fire Magic
 42512 | Spider:1 | Noticed Frances
 42525 | Spider:1 | Killed Frances
 42872 | Spider:1 | Identified Roxanne's Parchment of Topography
 42872 | Spider:1 | Noticed Roxanne
 43204 | Spider:2 | Reached skill level 15 in Spellcasting
 43425 | Lair:5   | Bought the Incunabulum of Pyromancy and Guile for 704 gold
                  | pieces
 43435 | Lair:5   | Learned a level 9 spell: Fire Storm
 45212 | Elf:3    | Noticed a deep elf blademaster
 45219 | Elf:3    | Killed a deep elf blademaster
 45268 | Elf:3    | Identified the +0 ring mail of Going Fast {Str+7}
 45268 | Elf:3    | Noticed a deep elf master archer
 45273 | Elf:3    | Killed a deep elf master archer
 45388 | Elf:3    | Noticed a deep elf master archer
 45412 | Elf:3    | Noticed an Ice Fiend
 46001 | Elf:2    | Reached skill level 17 in Fire Magic
 46215 | Elf:2    | Killed a deep elf master archer
 46453 | Elf:3    | Noticed a deep elf blademaster
 46463 | Elf:3    | Killed a deep elf blademaster
 46463 | Elf:3    | Identified the ring of Cynicism {rC+ Str+3 Dex+6}
 46586 | Elf:3    | Found the ring of the Octopus King {rN+ HP+2 AC+2 EV+2
                  | SH+2}
 46627 | Elf:3    | Identified the +11 battleaxe of Tufeilul {flame, rElec rC+
                  | Int+3}
 46649 | Elf:3    | Identified the ring "Tubeek Boab" {*Corrode rF+ rC+ Str+9
                  | Dex-3}
 47057 | Elf:3    | Learned a level 2 spell: Blink
 47387 | Depths:1 | Reached XP level 19. HP: 137/140 MP: 38/38
 47894 | Depths:2 | Found Zutoanua's Distillery.
 48079 | Depths:2 | Bought a potion of curing for 72 gold pieces
 48079 | Depths:2 | Bought a potion of heal wounds for 120 gold pieces
 48079 | Depths:2 | Bought a potion of magic for 192 gold pieces
 48079 | Depths:2 | Bought 3 potions of curing for 216 gold pieces
 48079 | Depths:2 | Bought a potion of might for 96 gold pieces
 48098 | Depths:2 | Noticed a juggernaut
 48110 | Depths:2 | Killed a juggernaut
 48111 | Depths:2 | Reached skill level 18 in Fire Magic
 48915 | Depths:2 | Found a one-way gate leading to the halls of Pandemonium.
 49636 | Depths:2 | Reached skill level 10 in Shields
 49968 | Swamp:1  | Entered Level 1 of the Swamp
 50206 | Swamp:1  | Found a sacrificial altar of Ru.
 52023 | Swamp:2  | Noticed a tentacled monstrosity
 52052 | Swamp:2  | Killed a tentacled monstrosity
 52087 | Swamp:2  | Got the Cyclopedia of Causality
 52837 | Swamp:2  | Learned a level 6 spell: Statue Form
 52933 | Swamp:4  | Entered Level 4 of the Swamp
 53190 | Swamp:4  | Reached XP level 20. HP: 118/148 MP: 39/39
 53799 | Swamp:3  | Reached skill level 1 in Transmutations
 53930 | Swamp:3  | Reached skill level 1 in Earth Magic
 54597 | Swamp:4  | HP: 3/150 [poisoned by a swamp dragon (poison gas)]
 54598 | Swamp:3  | Succumbed to a swamp dragon's poison gas

Illustrated notes

Levels and vault maps discovered:
D:1:      eino_arrival_water_star, layout_loops_ring
D:2:      layout_basic, minmay_quadrilaterals, uniq_natasha
D:3:      wad_river_or_something, layout_basic, skrybe_limestone_x
D:4:      layout_basic, chequers_temple_overflow_minitemple, temple_pool_b
D:5:      layout_rooms, nzn_hepliaklqana_mist_gate, minivault_26,
          uniq_blork_the_orc
D:6:      minmay_diamond_boxcup, layout_rooms, minmay_chambers_of_fives
D:7:      layout_gridville, hellmonk_guarded_unrand_vitality_bloodlust
D:8:      layout_basic, hellmonk_lair_entry_icy, serial_corexii_hall,
          corexii_hall_statues_i, corexii_hall_statues_u,
          corexii_hall_statues_t, chequers_hall_statues_corner_a,
          nicolae_figureground_sparkle
D:9:      layout_gridville
D:10:     layout_stronghold
D:11:     layout_basic, zombieorc2_lemuel
D:12:     layout_roguey, minmay_rotating_lava
D:13:     layout_roguey, nicolae_kite_square_tiling_tiny, grunt_decor_cap
D:14:     minmay_firetagon, layout_gridville, ximxim_vaults_locker_room,
          nicolae_elevator_lobby_plus
D:15:     hangedman_depths_entry_civil_slaughter, layout_basic,
          portal_ice_cave_entry_pillars_2, serial_shops, shop,
          nicolae_ashenzari_skybound, uniq_josephine
Temple:   nicolae_temple_bog_church
Lair:1:   beast_lair_carwin_large_4, layout_gridlike, st_stairs_7,
          cheibrodos_lair_lostbears
Lair:2:   nzn_winding_woodlands_medium [nzn_winding_woodlands_5x5_closed_star,
          nzn_winding_woodlands_5x15_zeroes,
          nzn_winding_woodlands_5x5_perimeter,
          nzn_winding_woodlands_5x5_open_star,
          nzn_winding_woodlands_center_lodge, nzn_winding_woodlands_5x5_three,
          nzn_winding_woodlands_5x5_checkerboard,
          nzn_winding_woodlands_5x15_sidewinder,
          nzn_winding_woodlands_hourglass], layout_regular_city,
          dummy_spider_entry, disabler_island
Lair:3:   layout_roguey, swamp_mist, gauntlet_entry_generic, lemuel_fruit_tree,
          uniq_prince_ribbit2
Lair:4:   regret_index_combs_of_tragedy, layout_cave_pods, grunt_megastairs_2
Lair:5:   evilmike_catoblepas_cave, layout_cave_pods,
          minmay_slime_entry_oklob_enclosed, chequers_serial_rivers_micro_d,
          amcnicky_mini_pool_medium
Swamp:1:  layout_basic_swamp, infiniplex_staircase_pool, swamp_pool1,
          nicolae_swamp_godswood
Swamp:2:  cheibrodos_swamp_monstrosity, layout_basic_swamp,
          nicolae_swamp_bean_lake, nicolae_swamp_spooky_pond
Swamp:3:  layout_falls_marsh, evilmike_swamp_ruin_house_1
Swamp:4:  swamp_alternative, layout_basic_swamp, swamp_pool1
Spider:1: layout_spider_delve, hangedman_spider_tarantella_strand, uniq_roxanne,
          uniq_frances
Spider:2: layout_spider_delve, drop_trap
Orc:1:    layout_caves, nicolae_alphabet_shops
Orc:2:    grunt_orc_gardens, layout_caves, grunt_orc_garden, grunt_orc_garden,
          grunt_orc_garden, grunt_orc_garden, nicolae_shop_gadgets
Elf:1:    eino_elf_arrival_customs, layout_loops_cross, mu_enter_wizlab_2,
          serial_shops, shop, minmay_elf_annihilation
Elf:2:    nicolae_elf_blades_crystal_corner, layout_loops_corners, serial_shops,
          nicolae_shop_waterfront
Elf:3:    grunt_elf_hall_asides, layout_loops_corners
Depths:1: layout_honeycomb, kennysheep_boxes, hellmouth_3, serial_shops,
          nicolae_shop_stone, nemelex_xobeh_ov_fountains_minmay
Depths:2: minmay_bloctagon_deflated, layout_honeycomb,
          minmay_misc_feat_enclosed, pan_entry, serial_shops, shop,
          grunt_mini_vestibule

Skill      XL: |  1  2  3  4  5  6  7  8  9 10 11 12 13 14 15 16 17 18 19 20 |
---------------+-------------------------------------------------------------+-----
Spellcasting   | 3 4 5 6 8 9 10 11 12 13 14 15 | 15.8
Dodging        | 3 4 5 6 7 8 9 10 11 12 13 14 | 14.8
Fighting       | 3 4 5 6 7 8 10 12 13 14 15 16 | 16.3
Conjurations   | 4 5 6 7 8 9 10 11 12 | 12.5
Shields        | 3 5 6 7 8 9 10 | 10.6
Long Blades    | 7 9 11 12 13 | 13.2
Summonings     | 2 3 |  3.2
Fire Magic     | 5 9 12 15 17 18 | 18.7
Evocations     | 2 5 6 |  6.3
Transmutations | 1 |  1.6
Earth Magic    | 1 |  1.8
Unarmed Combat | |  3.0

Action                     |  1- 3 |  4- 6 |  7- 9 | 10-12 | 13-15 | 16-18 | 19-21 || total
---------------------------+-------+-------+-------+-------+-------+-------+-------++-------
  Melee: Dagger            |    72 |    89 |   149 |    52 |       |       |       ||   362
         Constrict         |    13 |    18 |    31 |    68 |    98 |   124 |    55 ||   407
         Tentacles         |    10 |    20 |    49 |    92 |   187 |   260 |   153 ||   771
         Punch             |     1 |     3 |    12 |    16 |    33 |    39 |    27 ||   131
         Halberd           |       |       |       |    93 |       |       |       ||    93
         War axe           |       |       |       |   230 |       |       |       ||   230
         Scimitar          |       |       |       |     6 |   684 |   779 |   505 ||  1974
   Fire: Sling             |       |    27 |    21 |     9 |       |       |       ||    57
  Throw: Throwing net      |       |       |       |       |     1 |       |       ||     1
   Cast: Kiss of Death     |     1 |     6 |    10 |     2 |       |       |       ||    19
         Momentum Strike   |       |     3 |    23 |     3 |     1 |       |       ||    30
         Hailstorm         |       |       |     6 |     8 |     4 |       |       ||    18
         Flame Wave        |       |       |       |       |     1 |       |       ||     1
         Starburst         |       |       |       |       |       |     4 |     1 ||     5
         Passwall          |       |       |       |       |       |       |     1 ||     1
         Blink             |       |       |       |       |       |       |     1 ||     1
 Invoke: Potion Petition   |       |       |       |     3 |     1 |     4 |     1 ||     9
         Call Merchant     |       |       |       |       |     2 |     2 |       ||     4
  Evoke: Wand              |       |     2 |    12 |    14 |    10 |     9 |     3 ||    50
         Condenser vane    |       |       |       |       |     4 |     4 |     1 ||     9
         Box of beasts     |       |       |       |       |     1 |     1 |     1 ||     3
         Phantom mirror    |       |       |       |       |       |       |     1 ||     1
    Use: Potion            |       |     4 |     5 |    11 |     5 |     6 |    10 ||    41
         Scroll            |       |       |     3 |     8 |    10 |    20 |     6 ||    47
   Stab: Sleeping          |     3 |     3 |     2 |     4 |     6 |     9 |     7 ||    34
         Distracted        |       |     1 |     1 |     6 |     9 |    11 |    10 ||    38
         Confused          |       |       |       |       |     2 |       |       ||     2
         Invisible         |       |       |       |       |       |     1 |       ||     1
 Armour: Skin              |     4 |     6 |    13 |    57 |    68 |    95 |    77 ||   320
  Dodge: Dodged            |    37 |    75 |   151 |   354 |   491 |   550 |   439 ||  2097
  Block: Other             |       |    24 |    48 |     1 |       |       |       ||    73
         Reflection        |       |       |     3 |       |       |       |       ||     3
         Kite shield       |       |       |       |    65 |   348 |   389 |   476 ||  1278

Table legend: (Time is in decaauts)
 A = Elapsed time spent in this place.
 B = Non-inter-level travel time spent in this place.
 C = Inter-level travel time spent in this place.
 D = Time resting spent in this place.
 E = Time spent auto-exploring this place.
 F = Levels seen in this place.
 G = Mean time per level.
                   A        B        C        D        E       F      G
               +--------+--------+--------+--------+--------+-----+--------+
         Total |  57281 |  52573 |   4708 |  19802 |  24705 |  36 | 1591.1 |
       Dungeon |  23691 |  21171 |   2520 |   6381 |  11683 |  15 | 1579.4 |
        Temple |    189 |    170 |     19 |    110 |     44 |   1 |  189.0 |
          Lair |  10054 |   9190 |    864 |   3013 |   4995 |   5 | 2010.8 |
         Swamp |   4830 |   4696 |    134 |   1948 |   1983 |   4 | 1207.5 |
   Spider Nest |   1611 |   1597 |     14 |    907 |    517 |   2 |  805.5 |
  Orcish Mines |   3529 |   3143 |    386 |   1439 |   1036 |   2 | 1764.5 |
   Elven Halls |   7877 |   7278 |    599 |   3563 |   2671 |   3 | 2625.7 |
        Depths |   4268 |   4099 |    169 |   1892 |   1546 |   2 | 2134.0 |
        Wizlab |    170 |    170 |      0 |     39 |      0 |   1 |  170.0 |
      Gauntlet |   1058 |   1058 |      0 |    507 |    230 |   1 | 1058.0 |
               +--------+--------+--------+--------+--------+-----+--------+

Top non-repeatable levels by time:
   Elf:3: 3349 daAuts
    D:11: 2711 daAuts
  Lair:4: 2605 daAuts
    D:14: 2530 daAuts
   Elf:2: 2419 daAuts
Depths:1: 2413 daAuts
    D:15: 2325 daAuts
   Elf:1: 2108 daAuts
    D:10: 2107 daAuts
  Lair:3: 2107 daAuts
     D:8: 2061 daAuts
     D:7: 2038 daAuts
  Lair:5: 1946 daAuts
 Swamp:2: 1897 daAuts
Depths:2: 1854 daAuts
